 Dungeon Crawl Stone Soup version 0.18.1-2-ga659475 (webtiles) character file.

152 Scarto the Skirmisher (level 5, -1/33 HPs)
             Began as a Gargoyle Berserker on May 8, 2016.
             Was a Believer of Trog.
             Killed from afar by an orc wizard (6 damage)
             ... with a magic dart
             ... on level 4 of the Dungeon.
             The game lasted 00:03:37 (2080 turns).

Scarto the Skirmisher (Gargoyle Berserker)          Turns: 2080, Time: 00:03:38

Health: -1/33      AC:  9    Str: 22    XL:     5   Next: 34%
Magic:  5/5        EV: 11    Int:  7    God:    Trog [**....]
Gold:   78         SH:  0    Dex:  9    Spells: 0 memorised, 4 levels left

rFire  . . .     SeeInvis .     a - +0 mace
rCold  . . .     Gourm    .     g - +0 ring mail
rNeg   + . .     Faith    .     (no shield)
rPois  ∞         Spirit   .     (no helmet)
rElec  +         Dismiss  .     (no cloak)
rCorr  .         Reflect  .     (no gloves)
SustAt .         Harm     .     (no boots)
MR     ++...                    (no amulet)
Stlth  +.........               (no ring)
                                (no ring)

@: regenerating, very resistant to hostile enchantments, very unstealthy
A: negative energy resistance 1, electricity resistance, unbreathing,
petrification resistance, rot immunity, AC +4
a: Berserk, Trog's Hand, Burn Spellbooks, Renounce Religion


You were on level 4 of the Dungeon.
You worshipped Trog.
Trog was pleased with you.
You were not hungry.

You visited 1 branch of the dungeon, and saw 4 of its levels.

You collected 78 gold pieces.

Inventory:

Hand Weapons
 a - a +0 mace (weapon)
Missiles
 k - 8 javelins (quivered)
Armour
 b - a +0 animal skin
 g - a +0 ring mail (worn)
Scrolls
 e - a scroll of identify
 f - 2 scrolls of teleportation
 i - a scroll of fear {unknown}
 q - a scroll of noise {unknown}
 s - a scroll of blinking {unknown}
Potions
 c - a potion of might {unknown}
 d - 2 potions of haste {unknown}
 j - a potion of curing {unknown}
 l - a potion of ambrosia {unknown}
 n - a potion of flight {unknown}
 p - a potion of degeneration {unknown}
 r - a potion of cure mutation {unknown}
Comestibles
 h - 2 beef jerkies
 m - a meat ration


   Skills:
 + Level 4.2 Fighting
 + Level 3.7 Maces & Flails
 + Level 3.1 Armour
 + Level 2.7 Dodging
 + Level 1.0 Stealth


You had 4 spell levels left.
You didn't know any spells.

Dungeon Overview and Level Annotations

Branches:
Dungeon (4/15)
 Temple: D:4-7

Altars:
Makhleb
Nemelex Xobeh
Vehumet
Xom
Zin


Innate Abilities, Weirdness & Mutations

You are resistant to torment.
Your stone body is resilient (AC +4).
You are immune to poison.
You resist negative energy.
You are resistant to electric shocks.
You can survive without breathing.
You are immune to petrification.
You are immune to rotting.


Message History

Something hits you but does no damage.
You closely miss something. Something hits you but does no damage.
You miss something. Something hits you but does no damage.
The orc priest calls down the wrath of Beogh upon you.
You hit something but do no damage. Something hits you but does no damage.
The orc priest casts a cantrip, but nothing happens.
You closely miss something.
Something hits you but does no damage. x2
You hit something.
An orc wizard appears from thin air!
Reactivating autopickup.
The orc priest calls down the wrath of Beogh upon you.
Beogh smites you!
* * * LOW HITPOINT WARNING * * *
The orc wizard hits you but does no damage.
The orc priest miscasts a cantrip.
Your skin crawls.
You feel resistant to hostile enchantments.
You feel slightly more hungry. The orc wizard casts a spell at you.
The magic dart hits you!
You die...

#.#.#.#
#.#..<#
#.#.#.#
#.#.#.#
#.#.#.#
#.#.#.#
#.#...# #
#.#####.#
#....@oo#
#.#######
#.# #(#
#.# ..#
#.# ..


You could see an orc priest and an orc wizard.

Vanquished Creatures
  Jessica (D:3)
  An orc wizard (D:3)
  4 adders
  2 worms
  2 giant geckos (D:1)
  7 orcs
  3 giant cockroaches
  4 goblins
  5 hobgoblins
  4 jackals
  2 quokkas
  4 bats
  2 giant newts
  9 kobolds
  A rat (D:3)
51 creatures vanquished.

Notes
Turn   | Place    | Note
--------------------------------------------------------------
     0 | D:1      | Scarto the Gargoyle Berserker began the quest for the Orb.
     0 | D:1      | Reached XP level 1. HP: 14/14 MP: 1/1
    90 | D:1      | Reached XP level 2. HP: 9/19 MP: 2/2
   583 | D:1      | Reached XP level 3. HP: 17/24 MP: 3/3
   822 | D:2      | Found a burning altar of Makhleb.
   841 | D:2      | Found a glowing silver altar of Zin.
   842 | D:2      | Noticed a green death
   842 | D:2      | Noticed an angel
   890 | D:2      | Reached ** piety under Trog
   953 | D:2      | Found a shimmering altar of Xom.
   954 | D:2      | Found a shimmering altar of Xom.
   954 | D:2      | Found a shimmering altar of Xom.
   955 | D:2      | Found a shimmering altar of Xom.
  1145 | D:2      | Reached skill level 1 in Stealth
  1145 | D:2      | Reached XP level 4. HP: 21/29 MP: 4/4
  1390 | D:3      | Found a radiant altar of Vehumet.
  1391 | D:3      | Found a sparkling altar of Nemelex Xobeh.
  1820 | D:3      | Reached skill level 4 in Fighting
  1830 | D:3      | Reached XP level 5. HP: 29/33 MP: 5/5
  1884 | D:3      | Noticed Jessica
  1893 | D:3      | Killed Jessica
  2080 | D:4      | Killed from afar by an orc wizard

Skill      XL: |  1  2  3  4  5 |
---------------+----------------+-----
Dodging        | 2 |  2.7
Stealth        | 1 |  1.0
Fighting       | 4 |  4.2
Armour         | 3 |  3.1
Maces & Flails | |  3.7

Action                   |  1- 3 |  4- 6 || total
-------------------------+-------+-------++-------
Melee: Mace              |   122 |   104 ||   226
Invok: Berserk           |     1 |       ||     1
       Burn Spellbooks   |       |     1 ||     1
       Trog's Hand       |       |     1 ||     1
  Use: Scroll            |       |     2 ||     2
  Eat: Bread ration      |     1 |       ||     1
       Chunk             |       |     1 ||     1
Armor: Animal skin       |    35 |       ||    35
       Ring mail         |    14 |    42 ||    56
Dodge: Dodged            |    99 |    56 ||   155
